 Dungeon Crawl Stone Soup version 0.29-a0-1019-g84f7d21838 (webtiles) character file.

Game seed: 6946067035950520166

2 Manisian the Scratcher (level 1, 0/9 HPs)
             Began as a Felid Transmuter on Aug 10, 2022.
             Slain by a kobold
             ... wielding a +0 short sword
              (2 damage)
             ... on level 1 of the Dungeon.
             The game lasted 00:00:32 (40 turns).

Manisian the Scratcher (Felid Transmuter)             Turns: 40, Time: 00:00:33

Health: 0/9        AC:  1    Str:  6    XL:     1   Next: 33%
Magic:  3/4        EV: 17    Int: 14    God:
Gold:   0          SH:  0    Dex: 16    Spells: 3/4 levels left
                                        Lives:  0   Deaths: 0

rFire   . . .      SeeInvis +     - Unarmed
rCold   . . .      Faith    .   (shield unavailable)
rNeg    . . .      Spirit   .   (body armour unavailable)
rPois   .          Reflect  .   (helmet unavailable)
rElec   .          Harm     .   (cloak unavailable)
rCorr   .          Rampage  .   (gloves unavailable)
Will    .....                   (boots unavailable)
Stlth   +.........              (no amulet)
HPRegen 0.03/turn               (no ring)
MPRegen 0.09/turn               (no ring)

@: quick
A: very small, claws 1, fangs 3, see invisible, speed 1, shaggy fur 1, stealthy
paws, no weapons or thrown items, no armour, multi-lived
a: no special abilities


You were on level 1 of the Dungeon.
You visited 1 branch of the dungeon, and saw 1 of its levels.

Inventory:

Scrolls
 b - a scroll of identify {unknown}
Potions
 a - a potion of lignification
 c - a potion of heal wounds {unknown}


   Skills:
 + Level 1.0 Fighting
 + Level 2.7 Dodging
 + Level 3.0 Unarmed Combat
 + Level 2.0 Spellcasting
 + Level 2.3 Transmutations


You had 3 spell levels left.
You knew the following spells:

 Your Spells              Type           Power      Damage    Failure   Level
a - Beastly Appendage     Tmut           14%        N/A       10%         1

Your spell library contained the following spells:

 Spells                   Type           Power      Damage    Failure   Level
 Wereblood                Tmut           7%         N/A       14%         2
 Spider Form              Tmut/Pois      4%         N/A       41%         3
 Ice Form                 Ice/Tmut       4%         N/A       83%         4


Dungeon Overview and Level Annotations

Branches:
Dungeon (1/15)

Altars:


Innate Abilities, Weirdness & Mutations

You have sharp claws.
You have razor-sharp teeth.
You have supernaturally acute eyesight. (SInv)
You cover ground quickly. (Speed+)
You are covered in fur. (AC +1)
Your paws help you pounce on unaware monsters.
You are incapable of wielding weapons or throwing items.
You cannot wear armour.
You gain extra lives every three experience levels.


Message History

c - a sapphire potion A kobold and an endoplasm come into view.
Casting: Beastly Appendage (safe; 10% risk of failure)
Confirm with . or Enter, or press ? or * to list all spells.
You extend your transformation's duration.
The kobold shouts!
The endoplasm quivers.
The quokka completely misses you.
You closely miss the quokka.
Your transformation is almost over.
The quokka misses you.
You closely miss the quokka. Your headbutt misses the quokka.
The quokka closely misses you.
You scratch the quokka. Your headbutt misses the quokka.
You claw the quokka, but do no damage.
The quokka is lightly wounded.
The quokka completely misses you.
You completely miss the quokka.
The quokka is lightly wounded.
The quokka bites you. The endoplasm freezes you.
You are frozen.
You scratch the quokka but do no damage.
The quokka is lightly wounded.
The quokka closely misses you.
You scratch the endoplasm. Your headbutt misses the endoplasm.
The endoplasm is heavily wounded.
The quokka misses you. The endoplasm freezes you.
You are frozen.
The kobold barely misses you. The quokka barely misses you.
You scratch the endoplasm.
You kill the endoplasm!
The kobold completely misses you. The quokka closely misses you.
The kobold hits you with a +0 short sword.
* * * LOW HITPOINT WARNING * * *
The quokka closely misses you.
You barely miss the kobold. Your headbutt misses the kobold.
Your horns disappear.
The kobold hits you with a +0 short sword.
You die...

#.#.#.#.#.)..#
#########....#
........>..#
#.#####....#
#.#####....#
#..........#######
#......#.........#
#......#.........#
#......#..K@r....#
#......#.........#
#.#####..........#
#. #...........[#
# #............#
#.......######
#.........
#......### #####


You could see a quokka and a kobold.

Vanquished Creatures
  An endoplasm (D:1)
  A ball python (D:1)
  A frilled lizard (D:1)
3 creatures vanquished.

Notes
Turn   | Place    | Note
-------+----------+-------------------------------------------
     0 | D:1      | Manisian the Felid Transmuter began the quest for the Orb.
     0 | D:1      | Reached XP level 1. HP: 9/9 MP: 4/4
    40 | D:1      | Slain by a kobold

Illustrated notes

Levels and vault maps discovered:
D:1:      lightli_arrival_chessboard, layout_basic,
          chequers_serial_rivers_micro_b

Action                   || total
-------------------------++-------
Melee: Unarmed           ||    13
       Punch             ||     1
       Bite              ||     1
 Cast: Beastly Appendage ||     2
Dodge: Dodged            ||    14

Table legend: (Time is in decaauts)
 A = Elapsed time spent in this place.
 B = Non-inter-level travel time spent in this place.
 C = Inter-level travel time spent in this place.
 D = Time resting spent in this place.
 E = Time spent auto-exploring this place.
 F = Levels seen in this place.
 G = Mean time per level.
                   A        B        C        D        E       F      G
               +--------+--------+--------+--------+--------+-----+--------+
         Total |     34 |     34 |      0 |      0 |      1 |   1 |   34.0 |
       Dungeon |     34 |     34 |      0 |      0 |      1 |   1 |   34.0 |
               +--------+--------+--------+--------+--------+-----+--------+

Top non-repeatable levels by time:
     D:1: 34 daAuts
